 Dungeon Crawl Stone Soup version 0.25-a0-1119-g28b6fd0c3b (webtiles) character file.

Game seed: 12678029926124248949, levelgen mode: deterministic

552 Gwenloh the Poker (level 7, 0/53 HPs)
             Began as a Merfolk Gladiator on May 18, 2020.
             Was an Initiate of Fedhas.
             Succumbed to a water moccasin's poison
             ... on level 5 of the Dungeon.
             The game lasted 00:15:57 (5338 turns).

Gwenloh the Poker (Merfolk Gladiator)               Turns: 5338, Time: 00:15:57

Health: 0/53       AC:  4    Str: 14    XL:     7   Next: 29%
Magic:  4/7        EV: 16    Int:  8    God:    Fedhas [......]
Gold:   210        SH:  0    Dex: 17    Spells: 6/6 levels left

rFire    . . .     SeeInvis .   a - +0 trident
rCold    . . .     Gourm    .   (no shield)
rNeg     . . .     Faith    .   b - +0 leather armour
rPois    .         Spirit   +   r - +1 hat
rElec    .         Reflect  .   (no cloak)
rCorr    .         Harm     .   (no gloves)
MR       +....                  (no boots)
Stlth    +.........             u - amulet of guardian spirit
HPRegen  0.17/turn              l - ring of protection from magic
MPRegen  0.10/turn              (no ring)

@: lethally poisoned (0 -> -27)
A: change form in water, swift swim, stealthy swim
a: Renounce Religion


You were on level 5 of the Dungeon.
You worshipped Fedhas.
Fedhas was noncommittal.
You were not hungry.

You visited 2 branches of the dungeon, and saw 6 of its levels.

You collected 233 gold pieces.
You donated 23 gold pieces to Zin.

Inventory:

Hand Weapons
 a - a +0 trident (weapon)
Missiles
 d - a throwing net
 j - 84 stones
 E - 3 boomerangs (quivered)
Armour
 b - a +0 leather armour (worn)
 c - a +0 helmet
 g - a +0 ring mail
 r - a +1 hat (worn)
Jewellery
 l - a ring of protection from magic (left hand)
 u - an amulet of guardian spirit (around neck)
 C - a +6 ring of intelligence {unknown}
 F - an uncursed ring of stealth {unknown}
Wands
 t - a wand of digging (5)
Scrolls
 h - 6 scrolls of remove curse
 k - 3 scrolls of amnesia
 n - 3 scrolls of teleportation
 o - 3 scrolls of fog
 p - a scroll of noise
 y - a scroll of random uselessness {unknown}
 B - a scroll of fear {unknown}
 D - 2 scrolls of identify
 G - a scroll of enchant weapon {unknown}
 H - a scroll of blinking {unknown}
Potions
 e - 2 potions of haste {unknown}
 i - a potion of brilliance {unknown}
 m - 2 potions of degeneration {unknown}
 q - 2 potions of cancellation {unknown}
 s - 2 potions of lignification {unknown}
 v - a potion of heal wounds {unknown}
 w - a potion of invisibility {unknown}
 x - a potion of flight {unknown}
 z - a potion of resistance {unknown}
 A - a potion of ambrosia {unknown}
 I - a potion of magic {unknown}
Comestibles
 f - 5 rations


   Skills:
 + Level 3.7 Fighting
 * Level 7.6 Polearms
 + Level 3.5 Throwing
 * Level 6.9 Dodging
 * Level 1.2 Invocations


You had 6 spell levels left.
You didn't know any spells.
Your spell library was empty.

Dungeon Overview and Level Annotations

Branches:
Dungeon (5/15)             Temple (1/1) D:4

Altars:
Ashenzari
Cheibriados
Dithmenos
Fedhas
Gozag
Hepliaklqana
Makhleb
Nemelex Xobeh
Qazlal
Ru
Sif Muna
Trog
Uskayaw
Vehumet
Wu Jian
Yredelemnul
Zin
The Shining One


Message History

The water moccasin completely misses you.
You hit the water moccasin but do no damage.
The water moccasin is heavily wounded.
* * * LOW HITPOINT WARNING * * *
You feel very sick. The water moccasin closely misses you.
You hit the water moccasin but do no damage.
The water moccasin is heavily wounded.
* * * LOW HITPOINT WARNING * * *
You feel very sick.
The water moccasin bites you but does no damage.
The water moccasin completely misses you.
You closely miss the water moccasin.
The water moccasin is heavily wounded.
* * * LOW HITPOINT WARNING * * *
You feel sick. The water moccasin closely misses you.
* * * LOW HITPOINT WARNING * * *
You feel sick. The water moccasin misses you.
You die...
Fedhas appreciates your contribution to the ecosystem.

........#.#
.........#
##.......###
#...........
#.....#..##
#.........#
#..wS..#>.#
#......#..#
#..@...#..#
#......#..#
#......#..#
#.####.#..#
#.# #.#...
#.# #.#
#.####.# ..#
#......# ..#
#..##### ..#


You could see a water moccasin and a worm.

Vanquished Creatures
  An ogre (D:4)
  A scorpion (D:5)
  A hound (D:3)
  2 centaur skeletons (D:4)
  Jessica (D:3)
  4 orc wizards
  A worker ant (D:4)
  Robin (D:2)
  4 adders
  3 oozes
  2 worms (D:3)
  2 dart slugs
  6 leopard geckos
  15 orcs
  2 ball pythons
  4 giant cockroaches
  11 goblins
  9 hobgoblins
  7 jackals
  A quokka (D:2)
  7 bats
  2 frilled lizards (D:2)
  3 kobolds
  4 rats
94 creatures vanquished.

Notes
Turn   | Place    | Note
-------+----------+-------------------------------------------
     0 | D:1      | Gwenloh the Merfolk Gladiator began the quest for the Orb.
     0 | D:1      | Reached XP level 1. HP: 16/16 MP: 1/1
   194 | D:1      | Reached XP level 2. HP: 18/23 MP: 2/2
   669 | D:1      | Reached skill level 5 in Polearms
   669 | D:1      | Reached XP level 3. HP: 26/28 MP: 3/3
  1777 | D:2      | Reached XP level 4. HP: 34/34 MP: 4/4
  1866 | D:2      | Reached skill level 5 in Dodging
  2203 | D:2      | Noticed Robin
  2262 | D:2      | Killed Robin
  2392 | D:2      | Found a sparkling altar of Nemelex Xobeh.
  2460 | D:2      | Found a shadowy altar of Dithmenos.
  2817 | D:3      | Noticed Jessica
  2831 | D:3      | Killed Jessica
  2831 | D:3      | Reached skill level 6 in Polearms
  2831 | D:3      | Reached XP level 5. HP: 40/40 MP: 5/5
  3443 | D:3      | Reached XP level 6. HP: 34/47 MP: 3/6
  3990 | D:3      | Found an ornate altar of the Wu Jian Council.
  4217 | D:4      | Reached skill level 7 in Polearms
  4337 | D:4      | Found a glowing silver altar of Zin.
  4412 | D:4      | Became a worshipper of Zin the Law-Giver
  4412 | D:4      | Reached * piety under Zin
  4502 | D:4      | Reached XP level 7. HP: 36/52 MP: 4/7
  4953 | D:4      | Found a staircase to the Ecumenical Temple.
  4958 | Temple   | Entered the Ecumenical Temple
  5099 | Temple   | Fell from the grace of Zin
  5099 | Temple   | Became a worshipper of Fedhas Madash
  5231 | D:5      | Entered Level 5 of the Dungeon
  5268 | D:5      | Reached skill level 1 in Invocations
  5338 | D:5      | Succumbed to a water moccasin's poison

Illustrated notes

Levels and vault maps discovered:
D:1:      evilmike_arrival_rings, layout_basic
D:2:      layout_loops_ring, nicolae_dithmenos_through_a_glass_darkly,
          nemelex_dance_club_becter, uniq_robin
D:3:      kennysheep_six_static_rooms, layout_basic, lemuel_crystal_altar,
          uniq_jessica
D:4:      layout_cave_pools, minmay_temple_entry_nine_rooms, first_ration,
          lemuel_tele_altar
D:5:      layout_basic, kiku_gazebo_pond_becter, brannock_xom_greatest_gift,
          corexii_hall_statues_x
Temple:   eino_temple_rhombus

Skill      XL: |  1  2  3  4  5  6  7 |
---------------+----------------------+-----
Polearms       | 5 6 7 |  7.6
Dodging        | 5 6 |  6.9
Fighting       | 3 |  3.7
Throwing       | 3 |  3.5
Invocations    | 1 |  1.2

Action                   |  1- 3 |  4- 6 |  7- 9 || total
-------------------------+-------+-------+-------++-------
Melee: Trident           |    89 |   219 |    33 ||   341
Throw: Throwing net      |     1 |     4 |       ||     5
       Stone             |    60 |    97 |       ||   157
       Boomerang         |       |       |    22 ||    22
  Use: Scroll            |       |     5 |       ||     5
 Stab: Sleeping          |     1 |     1 |       ||     2
       Held in net/web   |       |     1 |       ||     1
  Eat: Chunk             |     2 |     9 |     3 ||    14
Armor: Leather armour    |    17 |    28 |     2 ||    47
Dodge: Dodged            |    51 |    99 |    22 ||   172

Table legend:
 A = Non-vault XP
 B = Vault XP
 C = Vault XP percentage of total XP
 D = Non-vault monster count
 E = Vault monster count
 F = Vault count percentage of total count
                 A         B        C        D         E       F
            +---------+---------+-------+---------+---------+-------
      Total |     691 |      98 |  12.4 |      78 |      16 |  17.0
            +---------+---------+-------+---------+---------+-------
        D:1 |      60 |       0 |   0.0 |      25 |       0 |   0.0
        D:2 |      48 |      37 |  43.5 |      13 |       9 |  40.9
        D:3 |     209 |      61 |  22.6 |      20 |       7 |  25.9
        D:4 |     307 |       0 |   0.0 |      19 |       0 |   0.0
        D:5 |      67 |       0 |   0.0 |       1 |       0 |   0.0
            +---------+---------+-------+---------+---------+-------
